 Dungeon Crawl Stone Soup version 0.22-a0-469-gf26638a (webtiles) character file.

24 Mamutox the Sneak (level 2, -1/13 HPs)
             Began as a Spriggan Enchanter on June 11, 2018.
             Slain by a worker ant (3 damage)
             ... on level 2 of the Dungeon.
             The game lasted 00:09:35 (1042 turns).

Mamutox the Sneak (Spriggan Enchanter)              Turns: 1042, Time: 00:09:36

Health: -1/13      AC:  2    Str:  4    XL:     2   Next: 79%
Magic:  5/6        EV: 18    Int: 16    God:
Gold:   60         SH:  0    Dex: 16    Spells: 5/6 levels left

rFire    . . .     SeeInvis +   a - +1 dagger
rCold    . . .     Gourm    .   (shield restricted)
rNeg     . . .     Faith    .   b - +0 robe
rPois    .         Spirit   .   (helmet restricted)
rElec    .         Reflect  .   (no cloak)
rCorr    .         Harm     .   (gloves unavailable)
MR       .....                  (boots unavailable)
Stlth    +++.......             (no amulet)
HPRegen  0.04/turn              (no ring)
MPRegen  0.10/turn              (no ring)

@: very quick
A: very small, unfitting armour, see invisible, herbivore, speed 3, slow
metabolism 2
a: no special abilities


You were on level 2 of the Dungeon.
You were not hungry.

You visited 1 branch of the dungeon, and saw 2 of its levels.

You collected 60 gold pieces.

Inventory:

Hand Weapons
 a - a +1 dagger (weapon)
 l - a cursed -3 whip
 n - a +0 hunting sling
Missiles
 c - 82 arrows
 f - 27 stones
 g - 41 bolts
 j - 2 throwing nets (quivered)
 m - 7 needles of sleeping
Armour
 b - a +0 robe (worn)
Scrolls
 h - a scroll of blinking {unknown}
 i - a scroll of identify {unknown}
 k - a scroll of enchant armour {unknown}
Potions
 e - a potion of brilliance {unknown}
Comestibles
 d - 3 rations


   Skills:
 + Level 1.3 Short Blades
 + Level 3.3 Dodging
 + Level 5.2 Stealth
 + Level 2.9 Spellcasting
 + Level 4.0 Hexes


You had 5 spell levels left.
You knew the following spells:

 Your Spells              Type           Power        Failure   Level  Hunger
a - Corona                Hex            ###....      3%          1    #......

Your spell library contained the following spells:

 Spells                   Type           Power        Failure   Level  Hunger
 Confuse                  Hex            ###.....     11%         3    ###....
 Tukima's Dance           Hex            ###.....     11%         3    ###....
 Ensorcelled Hibernation  Hex/Ice        #.....       12%         2    ##.....
 Dazzling Spray           Conj/Hex       #.....       24%         3    ###....


Dungeon Overview and Level Annotations

Branches:
Dungeon (2/15)

Altars:

Annotations:
D:2 Jessica


Innate Abilities, Weirdness & Mutations

You are very small and have problems with some larger weapons.
You are too small for most types of armour.
You have supernaturally acute eyesight. (SInv)
You are a herbivore.
You cover ground extremely quickly.
You need to consume almost no food.


Message History

The jackal is heavily wounded.
The jackal barely misses you.
You hit the jackal.
The jackal is severely wounded.
The jackal misses you.
You closely miss the jackal.
The jackal is severely wounded.
The jackal barely misses you.
You hit the jackal.
You kill the jackal!
Casting: Corona (safe; 3% risk of failure)
Confirm with . or Enter, or press ? or * to list all spells.
Aiming: Corona (safe; 3% risk of failure)
Press: ? - help, Shift-Dir - straight line, f - worker ant
Aim: a worker ant (chance to defeat MR: 61%)
The worker ant is outlined in light.
The worker ant bites you.
* * * LOW HITPOINT WARNING * * *
You hit the worker ant but do no damage.
The worker ant barely misses you. The worker ant bites you.
You die...

## ...
##############
....##..w....a@...#
........#########.#
. ....##..# g# ....
#.h# .# ... ##a.#
@# ..w. #...# .#
..... #.#.# .#
......#.#.########
.# #....#.)......#


You could see a worker ant and a dart slug.

Vanquished Creatures
  An ooze (D:1)
  2 giant cockroaches (D:1)
  3 goblins
  A jackal (D:2)
  6 kobolds
  A ball python (D:1)
  A bat (D:1)
  2 frilled lizards (D:1)
  4 rats (D:1)
21 creatures vanquished.

Notes
Turn   | Place    | Note
-------+----------+-------------------------------------------
     0 | D:1      | Mamutox the Spriggan Enchanter began the quest for the Orb.
     0 | D:1      | Reached XP level 1. HP: 9/9 MP: 5/5
   328 | D:1      | Reached XP level 2. HP: 12/13 MP: 6/6
   348 | D:1      | Reached skill level 5 in Stealth
  1030 | D:2      | Noticed Jessica
  1042 | D:2      | Slain by a worker ant

Vault maps used:
D:1:      mrwooster_arrival_statue_2
D:2:      uniq_terence, uniq_jessica

Skill      XL: |  1  2 |
---------------+-------+-----
Stealth        | 5 |  5.2
Hexes          | 4 |  4.0
Short Blades   | |  1.3
Dodging        | |  3.3
Spellcasting   | |  2.9

Action                   || total
-------------------------++-------
Melee: Dagger            ||   107
 Cast: Corona            ||    11
 Stab: Sleeping          ||     3
Armor: Robe              ||    10
Dodge: Dodged            ||    85

Table legend:
 A = Spawn XP
 B = Non-spawn XP
 C = Spawn XP percentage of total XP
 D = Spawn monster count
 E = Non-spawn monster count
 F = Spawn count percentage of total count
 G = Total turns spent on level
                    A         B        C        D         E        F      G
               +---------+---------+-------+---------+---------+-------+---------
         Total |       0 |      35 |   0.0 |       0 |      21 |   0.0 |  1042
               +---------+---------+-------+---------+---------+-------+---------
           D:1 |       0 |      29 |   0.0 |       0 |      18 |   0.0 |   963
           D:2 |       0 |       6 |   0.0 |       0 |       3 |   0.0 |    79
               +---------+---------+-------+---------+---------+-------+---------
